 Dungeon Crawl Stone Soup version bcrawl-1.24-1-g5327be9f7f (webtiles) character file.

Game seed: 12483038742693076539

557 pasperui the Ducker (level 7, 0/60 HPs)
             Began as a Gnoll Reaver on June 12, 2020.
             Was a Believer of Vehumet.
             Slain by an orc priest
             ... wielding a +0 flail
              (10 damage)
             ... on level 4 of the Dungeon.
             The game lasted 00:06:52 (2663 turns).

pasperui the Ducker (Gnoll Reaver)                  Turns: 2663, Time: 00:06:53

Health: 0/60       AC:  6    Str: 16    XL:     7   Next: 30%
Magic:  15/15      EV: 16    Int: 16    God:    Vehumet [**....]
Gold:   146        SH:  0    Dex: 13    Spells: 16/17 levels left

rFire    . . .     SeeInvis .   a - +0 long sword
rCold    . . .     Gourm    .   (no shield)
rNeg     . . .     Faith    .   b - +0 steam dragon scales
rPois    .         Spirit   .   (no helmet)
rElec    .         Reflect  .   (no cloak)
rCorr    .         Harm     .   (no gloves)
MR       .....                  q - +0 pair of boots
Stlth    +.........             (no amulet)
HPRegen  0.20/turn              (no ring)
MPRegen  0.14/turn              (no ring)

@: confused, lethally poisoned (0 -> -6), hasted, very quick
A: distributed training, fangs 1, strong nose
a: Renounce Religion


You were on level 4 of the Dungeon.
You worshipped Vehumet.
Vehumet was pleased with you.
You were not hungry.

You visited 1 branch of the dungeon, and saw 4 of its levels.

You collected 146 gold pieces.

Inventory:

Hand Weapons
 a - a +0 long sword (weapon)
 w - a +0 hunting sling
 B - a +0 hand crossbow
Missiles
 i - 1017 stones (quivered)
 k - 118 arrows
 y - 129 poisoned needles
 A - 132 tomahawks
Armour
 b - +0 steam dragon scales (worn)
 q - a +0 pair of boots (worn)
Magical Staves
 u - an uncursed staff of wizardry
Wands
 x - a wand of acid (6)
Scrolls
 d - a scroll of immolation
 g - 5 scrolls of identify {unknown}
 j - a scroll of magic mapping {unknown}
 m - a scroll of enchant armour {unknown}
 n - 2 scrolls of teleportation {unknown}
 p - 2 scrolls of amnesia {unknown}
 r - 2 scrolls of remove curse {unknown}
Potions
 c - a potion of haste
 f - 7 potions of curing {unknown}
 h - 2 potions of lignification {unknown}
 l - 2 potions of magic {unknown}
 o - a potion of ambrosia {unknown}
 s - a potion of berserk rage {unknown}
 t - a potion of flight {unknown}
 v - a potion of cancellation {unknown}
 z - a potion of invisibility {unknown}
Comestibles
 e - 7 rations {!d}
 C - 3 chunks of flesh


   Skills:
 + Level 7.0 Fighting
 + Level 2.3 Short Blades
 + Level 7.0 Long Blades
 + Level 2.3 Axes
 + Level 2.3 Maces & Flails
 + Level 2.3 Polearms
 + Level 2.3 Staves
 + Level 2.3 Slings
 + Level 2.3 Bows
 + Level 2.3 Crossbows
 + Level 2.3 Throwing
 + Level 2.3 Armour
 + Level 7.0 Dodging
 + Level 2.3 Stealth
 + Level 2.3 Shields
 + Level 2.3 Unarmed Combat
 + Level 5.5 Spellcasting
 + Level 1.9 Conjurations
 + Level 1.9 Hexes
 + Level 1.9 Charms
 + Level 1.9 Summonings
 + Level 1.9 Necromancy
 + Level 1.9 Translocations
 + Level 1.9 Transmutations
 + Level 1.9 Fire Magic
 + Level 1.9 Ice Magic
 + Level 1.9 Air Magic
 + Level 1.9 Earth Magic
 + Level 1.9 Poison Magic
 + Level 2.6 Invocations
 + Level 2.3 Evocations


You had 16 spell levels left.
You knew the following spells:

 Your Spells              Type           Power        Failure   Level  Hunger
a - Sandblast             Erth           ##....       1%          1    None

Your spell library contained the following spells:

 Spells                   Type           Power        Failure   Level  Hunger
 Throw Frost              Conj/Ice       ##....       1%          2    #......
 Iskenderun's Battlesphe  Conj/Chrm      ##......     43%         5    ######.


Dungeon Overview and Level Annotations

Branches:
Dungeon (4/12)
 Temple: D:4-7

Altars:


Innate Abilities, Weirdness & Mutations

Your experience applies equally to all skills.
You have very sharp teeth.
Your uncanny sense of smell can sniff out nearby items.


Message History

You feel yourself speed up.
The orc shouts!
The orc priest shouts!
The orc misses you. Something hits you.
* * * LOW HITPOINT WARNING * * *
You are poisoned.
You slash the orc priest! Your bite misses the orc priest.
The orc priest is heavily wounded.
You feel sick. The orc barely misses you.
You hear some strange, mumbled words.
You are confused.
The orc priest hits you but does no damage.
You bump into the rock wall.
Something hits you but does no damage.
You are more poisoned.
The orc hits you but does no damage.
You closely miss the orc priest.
The orc priest is heavily wounded.
You feel sick. The orc priest closely misses you.
You closely miss the orc.
You feel sick.
The orc priest hits you with a +0 flail!
You die...

#### ##..# #### ##...###..##
## #######..#.##....######.#
.##.#....#.......#.#..#.##
.........#.........).....#
...................#....##
...............oo{##.....##
.......##.......@o###o....##
.#......##.#......##.......##
....#.#............#o.......#
##.##.......................#
#...#.................##....#
..................$.......###
............................
...............#..........###
..#......... . ###........


You could see an orc priest and 2 orcs.

Vanquished Creatures
  2 sky beasts (D:4)
  An ogre (D:4)
  A bullfrog (D:3)
  A hound (D:4)
  Jessica (D:3)
  Terence (D:3)
  4 adders
  A worm (D:3)
  2 dart slugs
  2 leopard geckos
  8 orcs
  9 bats
  2 giant cockroaches
  7 goblins
  9 hobgoblins
  8 jackals
  2 quokkas
  A ball python (D:1)
  5 frilled lizards
  9 kobolds
  4 rats
80 creatures vanquished.

Notes
Turn   | Place    | Note
-------+----------+-------------------------------------------
     0 | D:1      | pasperui the Gnoll Reaver began the quest for the Orb.
     0 | D:1      | Reached XP level 1. HP: 23/23 MP: 6/6
   190 | D:1      | Reached XP level 2. HP: 29/29 MP: 7/7
   507 | D:1      | Reached * piety under Vehumet
   507 | D:1      | Offered knowledge of Sandblast by Vehumet.
   507 | D:1      | Reached XP level 3. HP: 35/35 MP: 9/9
   511 | D:1      | Reached skill level 5 in Spellcasting
   530 | D:1      | Learned a level 1 spell: Sandblast
   656 | D:1      | Reached skill level 1 in Invocations
  1057 | D:2      | Reached skill level 1 in Short Blades
  1057 | D:2      | Reached skill level 1 in Axes
  1057 | D:2      | Reached skill level 1 in Maces & Flails
  1057 | D:2      | Reached skill level 1 in Polearms
  1057 | D:2      | Reached skill level 1 in Staves
  1057 | D:2      | Reached skill level 1 in Slings
  1057 | D:2      | Reached skill level 1 in Bows
  1057 | D:2      | Reached skill level 1 in Crossbows
  1057 | D:2      | Reached skill level 1 in Throwing
  1057 | D:2      | Reached skill level 1 in Armour
  1057 | D:2      | Reached skill level 1 in Stealth
  1057 | D:2      | Reached skill level 1 in Shields
  1057 | D:2      | Reached skill level 1 in Unarmed Combat
  1057 | D:2      | Reached skill level 1 in Evocations
  1156 | D:2      | Reached XP level 4. HP: 41/41 MP: 11/11
  1352 | D:2      | Offered knowledge of Throw Frost by Vehumet.
  1915 | D:3      | Noticed a bullfrog
  1920 | D:3      | Reached skill level 1 in Conjurations
  1920 | D:3      | Reached skill level 1 in Hexes
  1920 | D:3      | Reached skill level 1 in Charms
  1920 | D:3      | Reached skill level 1 in Summonings
  1920 | D:3      | Reached skill level 1 in Necromancy
  1920 | D:3      | Reached skill level 1 in Translocations
  1920 | D:3      | Reached skill level 1 in Transmutations
  1920 | D:3      | Reached skill level 1 in Fire Magic
  1920 | D:3      | Reached skill level 1 in Ice Magic
  1920 | D:3      | Reached skill level 1 in Air Magic
  1920 | D:3      | Reached skill level 1 in Earth Magic
  1920 | D:3      | Reached skill level 1 in Poison Magic
  1926 | D:3      | Killed a bullfrog
  1926 | D:3      | Reached XP level 5. HP: 39/47 MP: 12/12
  2000 | D:3      | Noticed Terence
  2022 | D:3      | Killed Terence
  2253 | D:3      | Reached ** piety under Vehumet
  2353 | D:3      | Noticed Jessica
  2363 | D:3      | Killed Jessica
  2363 | D:3      | Reached XP level 6. HP: 35/53 MP: 10/13
  2506 | D:4      | Noticed a sky beast
  2522 | D:4      | Killed a sky beast
  2536 | D:4      | Noticed a sky beast
  2552 | D:4      | Killed a sky beast
  2582 | D:4      | Reached XP level 7. HP: 17/59 MP: 15/15
  2663 | D:4      | Slain by an orc priest

Skill      XL: |  1  2  3  4  5  6  7 |
---------------+----------------------+-----
Spellcasting   | 5 |  5.5
Invocations    | 1 2 |  2.6
Short Blades   | 1 2 |  2.3
Axes           | 1 2 |  2.3
Maces & Flails | 1 2 |  2.3
Polearms       | 1 2 |  2.3
Staves         | 1 2 |  2.3
Slings         | 1 2 |  2.3
Bows           | 1 2 |  2.3
Crossbows      | 1 2 |  2.3
Throwing       | 1 2 |  2.3
Armour         | 1 2 |  2.3
Stealth        | 1 2 |  2.3
Shields        | 1 2 |  2.3
Unarmed Combat | 1 2 |  2.3
Evocations     | 1 2 |  2.3
Conjurations   | 1 |  1.9
Hexes          | 1 |  1.9
Charms         | 1 |  1.9
Summonings     | 1 |  1.9
Necromancy     | 1 |  1.9
Translocations | 1 |  1.9
Transmutations | 1 |  1.9
Fire Magic     | 1 |  1.9
Ice Magic      | 1 |  1.9
Air Magic      | 1 |  1.9
Earth Magic    | 1 |  1.9
Poison Magic   | 1 |  1.9
Fighting       | 7 |  7.0
Long Blades    | 7 |  7.0
Dodging        | 7 |  7.0

Action                   |  1- 3 |  4- 6 |  7- 9 || total
-------------------------+-------+-------+-------++-------
Melee: Long sword        |   120 |   145 |    14 ||   279
       Bite              |     9 |    12 |       ||    21
       Punch             |       |     2 |       ||     2
Throw: Stone             |       |     6 |     1 ||     7
 Cast: Sandblast         |       |     3 |     3 ||     6
  Use: Potion            |       |       |     1 ||     1
 Stab: Sleeping          |     3 |     1 |       ||     4
  Eat: Chunk             |     1 |     4 |     1 ||     6
Armor: Steam dragon scal |    34 |    31 |     4 ||    69
Dodge: Dodged            |   123 |   120 |     6 ||   249
Block: Other             |     5 |     5 |       ||    10
